 Dungeon Crawl Stone Soup version 0.22.1-5-g62c59d9 (webtiles) character file.

128 Loza the Shield-Bearer (level 4, -1/44 HPs)
             Began as a Troll Fighter on Jan 10, 2019.
             Slain by a gnoll
             ... wielding a +0 club
              (5 damage)
             ... on level 2 of the Dungeon.
             The game lasted 00:07:39 (1777 turns).

Loza the Shield-Bearer (Troll Fighter)              Turns: 1777, Time: 00:07:40

Health: -1/44      AC:  5    Str: 25    XL:     4   Next: 86%
Magic:  3/3        EV:  6    Int:  4    God:
Gold:   134        SH: 14    Dex:  9    Spells: 3/3 levels left

rFire    . . .     SeeInvis .   a - +0 long sword
rCold    . . .     Gourm    +   u - +0 large shield
rNeg     . . .     Faith    .   b - +0 robe
rPois    .         Spirit   .   (helmet restricted)
rElec    .         Reflect  .   (no cloak)
rCorr    .         Harm     .   (gloves unavailable)
MR       .....                  (boots unavailable)
Stlth    +.........             (no amulet)
HPRegen  0.54/turn              (no ring)
MPRegen  0.08/turn              (no ring)

@: no status effects
A: large, unfitting armour, claws 3, fast metabolism 3, gourmand, regeneration
1, shaggy fur 1, tough skin 2
a: no special abilities


You were on level 2 of the Dungeon.
You were hungry.

You visited 1 branch of the dungeon, and saw 3 of its levels.

You collected 134 gold pieces.

Inventory:

Hand Weapons
 a - a +0 long sword (weapon)
Armour
 b - a +0 robe (worn)
 c - a +0 shield
 l - a +0 scale mail
 p - a cursed +0 chain mail
 u - a +0 large shield (worn)
Jewellery
 j - an uncursed ring of ice {unknown}
Wands
 r - a wand of random effects (16)
Scrolls
 e - a scroll of amnesia {unknown}
 g - 2 scrolls of remove curse {unknown}
 h - a scroll of fear {unknown}
 m - a scroll of teleportation {unknown}
 s - a scroll of random uselessness {unknown}
 t - a scroll of immolation {unknown}
Potions
 d - 2 potions of might
 i - a potion of mutation {unknown}
 k - a potion of flight {unknown}
 n - 4 potions of curing {unknown}
 o - 2 potions of degeneration {unknown}
 q - a potion of haste {unknown}
Comestibles
 f - a ration


   Skills:
 + Level 2.9 Fighting
 + Level 2.9 Long Blades
 + Level 2.9 Dodging
 + Level 0.1 Stealth
 + Level 3.0 Shields


You had 3 spell levels left.
You didn't know any spells.
Your spell library was empty.

Dungeon Overview and Level Annotations

Branches:
Dungeon (3/15)

Altars:
Elyvilon


Innate Abilities, Weirdness & Mutations

You are too large for most types of armour.
You have claws for hands.
Your metabolism is lightning-fast.
You like to eat raw meat.
Your natural rate of healing is unusually fast.
You are covered in fur. (AC +1)
You have very tough skin. (AC +2)


Message History

You block the frilled lizard's attack. The gnoll hits you with a flail!
The gnoll hits you with a club.
The frilled lizard bites you but does no damage.
You block the gnoll's attack. The frilled lizard closely misses you.
You riposte.
You closely miss the frilled lizard.
There is a stone staircase leading up here.
You see here a club.
The gnoll hits you with a flail! The gnoll hits you with a club!
* * * LOW HITPOINT WARNING * * *
The frilled lizard bites you.
* * * LOW HITPOINT WARNING * * *
You climb upwards.
There is a stone staircase leading down here.
You closely miss the gnoll. The gnoll hits you with a flail!
* * * LOW HITPOINT WARNING * * *
You block the frilled lizard's attack. The gnoll closely misses you.
The frilled lizard unfolds its giant frill.
You block the frilled lizard's attack. You block the gnoll's attack.
The gnoll hits you with a club.
You die...

### ######
####'####....#
###.........##.##
#.+.............# #
#.#.............###
#...............'..
#g..............###
#l@g............+ +
#...............# #
########........# #
####'##### # #.# #
######.#######
#............#
#.##.........#
#.#..........#


You could see 2 gnolls and a frilled lizard.

Vanquished Creatures
  An orc priest (D:2)
  An orc wizard (D:3)
  A gnoll (D:3)
  2 adders
  An ooze (D:1)
  2 orcs
  3 giant cockroaches
  5 goblins
  3 hobgoblins
  3 kobolds
  A quokka (D:2)
  4 bats
  5 frilled lizards
  6 rats
38 creatures vanquished.

Notes
Turn   | Place    | Note
-------+----------+-------------------------------------------
     0 | D:1      | Loza the Troll Fighter began the quest for the Orb.
     0 | D:1      | Reached XP level 1. HP: 22/22 MP: 0/0
   522 | D:1      | Reached XP level 2. HP: 29/29 MP: 1/1
  1089 | D:2      | Found a white marble altar of Elyvilon.
  1291 | D:2      | Reached XP level 3. HP: 26/36 MP: 2/2
  1581 | D:2      | Reached XP level 4. HP: 28/44 MP: 3/3
  1657 | D:3      | Reached skill level 3 in Shields
  1777 | D:2      | Slain by a gnoll

Skill      XL: |  1  2  3  4 |
---------------+-------------+-----
Long Blades    | 2 |  2.9
Shields        | 3 |  3.0
Fighting       | |  2.9
Dodging        | |  2.9
Stealth        | |  0.1

Action                   |  1- 3 |  4- 6 || total
-------------------------+-------+-------++-------
Melee: Long sword        |    84 |    63 ||   147
  Eat: Ration            |     4 |       ||     4
Armor: Robe              |    37 |    30 ||    67
Dodge: Dodged            |    27 |    25 ||    52
Block: Shield            |    36 |    25 ||    61
       Large shield      |       |    18 ||    18
       Rpst.: Long sword |    15 |    11 ||    26
